 Dungeon Crawl Stone Soup version 0.30-a0-782-ge64f9170bb (webtiles) character file.

Game seed: 738931203878347237

366 vineage the Fighter (level 6, -5/66 HPs)
             Began as a Gargoyle Fighter on Mar 16, 2023.
             Slain by Pikel
             ... wielding a +2 whip of electrocution
              (19 damage)
             ... on level 4 of the Dungeon.
             The game lasted 00:04:06 (2757 turns).

vineage the Fighter (Gargoyle Fighter)              Turns: 2757, Time: 00:04:06

Health: -5/66      AC: 23    Str: 22    XL:     6   Next: 68%
Magic:  6/6        EV:  2    Int:  8    God:
Gold:   120        SH:  4    Dex:  9    Spells: 5/5 levels left

rFire   . . .      SeeInvis .    a - +0 flail (freeze)
rCold   . . .      Faith    .    c - +0 buckler
rNeg    + . .      Spirit   .    (body armour currently unavailable)
rPois   ∞          Reflect  .    (helmet currently unavailable)
rElec   .          Harm     .    (cloak currently unavailable)
rCorr   .          Rampage  .    (gloves currently unavailable)
Will    .....      NoTele   +    (boots currently unavailable)
Stlth   +                        (no amulet)
HPRegen 0.31/turn                (no ring)
MPRegen 0.10/turn                (no ring)

@: mighty, tree-form
A: stationary, stasis, torment immunity, boosted hp, sickness immunity, AC +4,
negative energy resistance 1, (electricity resistance), torment resistance 1,
petrification resistance
a: no special abilities


You were on level 4 of the Dungeon.
You were a tree.
You visited 1 branch of the dungeon, and saw 4 of its levels.

You collected 120 gold pieces.

Inventory:

Hand Weapons
 a - a +0 flail of freezing (weapon)
Armour
 b - a +0 scale mail
 c - a +0 buckler (worn)
 i - a +1 pair of boots (melded)
 m - a +0 scale mail (melded)
Wands
 d - a wand of polymorph (7)
Scrolls
 e - 2 scrolls of vulnerability
 h - a scroll of amnesia
 n - a scroll of enchant armour
Potions
 g - 2 potions of brilliance
 j - 2 potions of cancellation
 k - 2 potions of attraction
 l - a potion of haste
 o - a potion of lignification
 p - a potion of might


   Skills:
 + Level 8.0 Fighting
 - Level 2.0 Maces & Flails
 - Level 3.2 Armour
 - Level 3.2 Shields


You had 5 spell levels left.
You didn't know any spells.
Your spell library contained the following spells:

 Spells                   Type           Power      Damage    Failure   Level
 Beastly Appendage        Tmut           0%         N/A       50%         1
 Kiss of Death            Conj/Necr      0%         2d5       50%         1
 Wereblood                Tmut           0%         N/A       65%         2
 Confusing Touch          Hex            0%         N/A       86%         3
 Spider Form              Tmut/Pois      0%         N/A       86%         3
 Dispel Undead            Necr           0%         3d6       99%         4
 Malign Gateway           Summ/Tloc      0%         N/A       100%        7
 Summon Horrible Things   Summ           0%         N/A       100%        8


Dungeon Overview and Level Annotations

Branches:
Dungeon (4/15)
 Temple: D:4-7

Altars:

Annotations:
D:3 1 runed translucent door
D:4 Pikel


Innate Abilities, Weirdness & Mutations

You are a tree.
Your roots penetrate the ground, keeping you stationary.
You cannot be teleported.
You are immune to unholy pain and torment.
Your maximum health is greatly increased.
Your equipment is partially melded.
You are immune to sickness and miasma.
((Your stone body is resilient. (AC +4)))
You are immune to poison.
You resist negative energy. (rN+)
((You are resistant to electric shocks. (rElec)))
You are resistant to unholy torment.
You are immune to petrification.


Message History

The lemure hits you but does no damage. The lemure hits you!
* * * LOW HITPOINT WARNING * * *
It was a potion of curing.
You feel better. The lemure hits you.
* * * LOW HITPOINT WARNING * * *
You feel better. The lemure misses you.
You barely miss the lemure.
The lemure is almost dead.
The lemure hits you but does no damage.
You closely miss the lemure.
The lemure is almost dead.
The lemure hits you.
* * * LOW HITPOINT WARNING * * *
You hit the lemure. You freeze the lemure.
You kill the lemure!
That felt strangely unrewarding.
The lemure hits you.
* * * LOW HITPOINT WARNING * * *
You thump the lemure! You freeze the lemure.
The lemure is heavily wounded.
The lemure barely misses you.
Pikel, Merchant of Souls comes into view.
He is wielding a +2 whip of electrocution.
It was a potion of lignification.
You turn into a tree.
Your +1 pair of boots melds into your body.
Your +0 scale mail melds into your body.
Your roots penetrate the ground.
Pikel shouts!
The lemure hits you but does no damage.
Pikel says, "Time is money, and you're costing me too much!"
You feel very mighty all of a sudden. The lemure completely misses you.
You hit the lemure. You freeze the lemure.
The lemure is severely wounded.
The lemure hits you but does no damage.
You barely miss the lemure.
The lemure is severely wounded.
The lemure hits you.
* * * LOW HITPOINT WARNING * * *
You hit Pikel but do no damage. Pikel hits you but does no damage.
You hit Pikel but do no damage. Pikel hits you but does no damage.
You are electrocuted!!
You die...

.######....##
###...# # ##..# #...
..# #.## ....
#..###.# .....
#.....## .....
##.....## ......
##.....#######......
#..##...>.♣K5.......
#..#
#.....##........
#..#
##..#####.......
#.## #..# #...... .#
#..# #....# #...
....# #.##. ...# .##
##.


You could see Pikel and a lemure.

Vanquished Creatures
  The ghost of bmj180 the Digger, an amateur GrEE (D:3)
  3 lemures (D:4)
  A hound (D:4)
  6 adders
  7 gnolls
  An ufetubus (D:4)
  2 worms
  2 dart slugs (D:3)
  11 orcs
  2 endoplasms
  3 giant cockroaches
  7 goblins
  10 hobgoblins
  13 kobolds
  6 quokkas
  4 ball pythons
  4 bats
  A frilled lizard (D:3)
  2 rats (D:2)
86 creatures vanquished.

Notes
Turn   | Place    | Note
-------+----------+-------------------------------------------
     0 | D:1      | vineage the Gargoyle Fighter began the quest for the Orb.
     0 | D:1      | Reached XP level 1. HP: 14/14 MP: 1/1
     5 | D:1      | Noticed a death yak
   257 | D:1      | Reached XP level 2. HP: 20/20 MP: 2/2
   272 | D:1      | Reached skill level 4 in Fighting
   375 | D:1      | Noticed an elephant
   870 | D:2      | Reached XP level 3. HP: 24/24 MP: 3/3
   897 | D:2      | Reached skill level 5 in Fighting
   939 | D:2      | Reached XP level 4. HP: 29/31 MP: 4/4
  1186 | D:2      | Found a faded altar of an unknown god.
  1450 | D:2      | Reached skill level 6 in Fighting
  1450 | D:2      | Reached XP level 5. HP: 32/36 MP: 5/5
  1836 | D:3      | Found a runed translucent door.
  1838 | D:3      | Noticed bmj180's ghost (amateur GrEE)
  1891 | D:3      | Killed bmj180's ghost
  1892 | D:3      | Reached skill level 7 in Fighting
  1892 | D:3      | Reached XP level 6. HP: 38/44 MP: 6/6
  1899 | D:3      | Found a runed translucent door.
  2671 | D:4      | Reached skill level 8 in Fighting
  2751 | D:4      | Noticed Pikel
  2757 | D:4      | Slain by Pikel

Illustrated notes

Levels and vault maps discovered:
D:1:      sevenhm_arrival_forest_fort_small_2, layout_loops_corners
D:2:      layout_loops_ring, hellmonk_ecumenical_altar_zigzags,
          minmay_close_crescents
D:3:      layout_loops_ring, ebering_ghost_sewer_f
D:4:      layout_layer_cave, tso_metal_star, minmay_overflow_temple_star_quad,
          minmay_temple_entry_enclosed_plants, uniq_crazy_yiuf_cottage,
          uniq_pikel

Skill      XL: |  1  2  3  4  5  6 |
---------------+-------------------+-----
Fighting       | 4 5 6 7 8 |  8.0
Maces & Flails | |  2.0
Armour         | |  3.2
Shields        | |  3.2

Action                     |  1- 3 |  4- 6 || total
---------------------------+-------+-------++-------
  Melee: Flail             |    83 |   210 ||   293
    Use: Scroll            |     3 |     6 ||     9
         Potion            |       |     5 ||     5
 Armour: Scale mail        |    61 |   124 ||   185
         Skin              |       |     4 ||     4
  Dodge: Dodged            |    37 |   106 ||   143
  Block: Buckler           |    17 |    49 ||    66

Table legend: (Time is in decaauts)
 A = Elapsed time spent in this place.
 B = Non-inter-level travel time spent in this place.
 C = Inter-level travel time spent in this place.
 D = Time resting spent in this place.
 E = Time spent auto-exploring this place.
 F = Levels seen in this place.
 G = Mean time per level.
                   A        B        C        D        E       F      G
               +--------+--------+--------+--------+--------+-----+--------+
         Total |   2862 |   2744 |    118 |      0 |   2105 |   4 |  715.5 |
       Dungeon |   2862 |   2744 |    118 |      0 |   2105 |   4 |  715.5 |
               +--------+--------+--------+--------+--------+-----+--------+

Top non-repeatable levels by time:
     D:1: 880 daAuts
     D:3: 837 daAuts
     D:2: 764 daAuts
     D:4: 380 daAuts
